 Dungeon Crawl Stone Soup version 0.30-a0-782-ge64f9170bb (webtiles) character file.

Game seed: 17279080486886710374

16 theswoord the Twirler (level 2, -1/22 HPs)
             Began as a Demonspawn Gladiator on Mar 14, 2023.
             Slain by a quokka (4 damage)
             ... on level 1 of the Dungeon.
             The game lasted 00:00:24 (197 turns).

theswoord the Twirler (Demonspawn Gladiator)         Turns: 197, Time: 00:00:25

Health: -1/22      AC:  4    Str: 14    XL:     2   Next: 41%
Magic:  2/2        EV: 12    Int:  9    God:
Gold:   0          SH:  0    Dex: 14    Spells: 1/1 levels left

rFire   . . .      SeeInvis .    a - +0 quarterstaff
rCold   . . .      Faith    .    (shield currently unavailable)
rNeg    . . .      Spirit   .    b - +0 leather armour
rPois   .          Reflect  .    c - +0 helmet
rElec   .          Harm     .    (no cloak)
rCorr   .          Rampage  .    (no gloves)
Will    .....                    (no boots)
Stlth   +                        (no amulet)
HPRegen 0.23/turn                (no ring)
MPRegen 0.16/turn                (no ring)

@: no status effects
A: magic regeneration
a: no special abilities


You were on level 1 of the Dungeon.
You visited 1 branch of the dungeon, and saw 1 of its levels.

Inventory:

Hand Weapons
 a - a +0 quarterstaff (weapon)
Missiles
 d - 3 throwing nets (quivered)
 e - a javelin
Armour
 b - a +0 leather armour (worn)
 c - a +0 helmet (worn)
Scrolls
 h - a scroll of teleportation {unknown}
Potions
 f - a potion of invisibility {unknown}
 g - a potion of curing {unknown}


   Skills:
 - Level 2.0 Fighting
 + Level 3.5 Staves
 - Level 1.7 Throwing
 - Level 2.6 Dodging


You had one spell level left.
You didn't know any spells.
Your spell library was empty.

Dungeon Overview and Level Annotations

Branches:
Dungeon (1/15)

Altars:


Innate Abilities, Weirdness & Mutations

You regenerate magic rapidly.


Message History

A quokka comes into view.
A quokka is nearby!
A quokka is nearby!
Found 3 gold pieces.
You see here a ring of flight.
A goblin comes into view. It is wielding a +0 club.
The goblin shouts!
Found a mace.
A quokka comes into view.
The quokka bites you but does no damage.
You hit the quokka but do no damage. The quokka closely misses you.
The quokka misses you.
You closely miss the quokka.
The quokka twitches its whiskers.
The quokka bites you.
You completely miss the quokka. The quokka misses you.
You closely miss the goblin. The quokka bites you.
The goblin hits you but does no damage. The quokka barely misses you.
You closely miss the quokka. The quokka bites you.
The goblin hits you with a +0 club. The quokka closely misses you.
You hit the quokka but do no damage. The quokka barely misses you.
The goblin hits you with a +0 club.
* * * LOW HITPOINT WARNING * * *
The quokka bites you.
* * * LOW HITPOINT WARNING * * *
The quokka bites you.
* * * LOW HITPOINT WARNING * * *
You barely miss the quokka. The quokka bites you.
* * * LOW HITPOINT WARNING * * *
The goblin closely misses you. The quokka bites you.
* * * LOW HITPOINT WARNING * * *
The quokka bites you but does no damage.
You sock the quokka!
You kill the quokka!
The goblin closely misses you. The quokka misses you.
The goblin closely misses you.
You hit the goblin. The quokka barely misses you.
The goblin hits you but does no damage.
You miss the goblin. The quokka bites you.
You die...

.. ##### ...##...##
...#.....## ..........#
......)...#
..........######
.......$..=....### ###
......g@.#####...#####..
).....r$..# ###.....#.#
#.........^..##.........
#.#.......##............
# #......###...........)
#.#....##..##........†
#.####.##.....##...##. .
#.##.#####....### .
####..#...##


You could see a quokka and a goblin.

Vanquished Creatures
  A bat (D:1)
  An endoplasm (D:1)
  A giant cockroach (D:1)
  4 hobgoblins (D:1)
  A quokka (D:1)
  A frilled lizard (D:1)
  3 kobolds (D:1)
  2 rats (D:1)
14 creatures vanquished.

Notes
Turn   | Place    | Note
-------+----------+-------------------------------------------
     0 | D:1      | theswoord the Demonspawn Gladiator began the quest for the
                  | Orb.
     0 | D:1      | Reached XP level 1. HP: 16/16 MP: 1/1
    21 | D:1      | Reached skill level 3 in Staves
    83 | D:1      | Gained mutation: You regenerate magic rapidly. [demonic
                  | ancestry]
    83 | D:1      | Reached XP level 2. HP: 22/22 MP: 2/2
   197 | D:1      | Slain by a quokka

Skill      XL: |  1 |
---------------+----+-----
Staves         | 3 |  3.5
Fighting       | |  2.0
Throwing       | |  1.7
Dodging        | |  2.6

Action                     || total
---------------------------++-------
  Melee: Quarterstaff      ||    54
 Armour: Leather armour    ||    27
  Dodge: Dodged            ||    46

Levels and vault maps discovered:
D:1:      dpeg_arrival_arbitrary_b, layout_rooms
